 Dungeon Sprint DCSS version 0.30-a0-711-gf4ac18a38d (webtiles) character file.

Game seed: 385522217697411536

272 rocky1 the Cleaver (level 8, -6/79 HPs)
             Began as a Minotaur Fighter on Jan 23, 2023.
             Was an Initiate of Gozag.
             Mangled by a six-headed hydra (12 damage)
             ... summoned by a witch
             ... in the Dungeon (Sprint VI: "Thunderdome").
             The game lasted 00:07:40 (728 turns).

rocky1 the Cleaver (Minotaur Fighter)                Turns: 728, Time: 00:07:41

Health: -6/79      AC: 11    Str: 22    XL:     8   Next: 46%
Magic:  7/7        EV: 12    Int:  7    God:    Gozag
Gold:   23         SH: 11    Dex: 11    Spells: 7/7 levels left

rFire   . . .      SeeInvis .    w - +0 broad axe
rCold   + . .      Faith    .    c - +0 buckler
rNeg    + + .      Spirit   .    b - +0 scale mail
rPois   +          Reflect  +    (helmet restricted)
rElec   .          Harm     .    x - +1 cloak "Lesyk" {Rampage +Inv}
rCorr   +          Rampage  +    (no gloves)
Will    ++++.      NoTele   +    (no boots)
Stlth   +          NoCast   +    s - amulet of Zeethyept {Reflect -Cast rN+ Will+++ SH+5}
HPRegen 0.33/turn                q - ring "Doecoidi" {rC+ rN+ Will+ rCorr Stlth+}
MPRegen 0.10/turn                C - ring of Ubruydo {rPois rCorr Int+2}

@: gold aura
A: horns 2, retaliatory headbutt
a: Renounce Religion, Evoke Invisibility, Potion Petition, Call Merchant, Bribe
Branch


You were in the Dungeon.
You worshipped Gozag.
Gozag was noncommittal.
You visited 1 branch You collected 1896 gold pieces.
You spent 1873 gold pieces at shops.

Inventory:

Hand Weapons
 a - a +0 war axe
 w - a +0 broad axe (weapon)
Missiles
 v - 2 boomerangs (quivered)
Armour
 b - a +0 scale mail (worn)
 c - a +0 buckler (worn)
 x - the +1 cloak "Lesyk" (worn) {Rampage +Inv}
   (You bought it in a shop in the Dungeon)

   +Inv:      It lets you turn invisible.
   Rampage:   It bestows one free step when moving towards enemies.
 y - the +1 hat of Sin {Harm Will+}
   (You bought it in a shop in the Dungeon)

   Harm:      It increases damage dealt and taken.
   Will:      It increases your willpower.
 z - the -1 pair of boots of Queniwof {rPois Regen+ Int-3}
   (You bought it in a shop in the Dungeon)

   Int:       It affects your intelligence (-3).
   rPois:     It protects you from poison.
   Regen:     It increases your rate of health regeneration.
Jewellery
 o - the ring "Mumish" {Fly rN+ Stlth+}
   (You bought it in a shop in the Dungeon)

   [ring of positive energy]

   rN:        It protects you from negative energy.
   Fly:       It grants you flight.
   Stlth:     It makes you more stealthy.
 p - the amulet "Poywoe" {Faith rN+}
   (You bought it in a shop in the Dungeon)

   [amulet of faith]

   It allows you to gain divine favour quickly.
   rN:        It protects you from negative energy.
 q - the ring "Doecoidi" (left hand) {rC+ rN+ Will+ rCorr Stlth+}
   (You bought it in a shop in the Dungeon)

   [ring of willpower]

   rC:        It protects you from cold.
   rN:        It protects you from negative energy.
   rCorr:     It protects you from acid and corrosion.
   Will:      It increases your willpower.
   Stlth:     It makes you more stealthy.
 r - the ring "Padghazuo" {Fire Str+3 Stlth+}
   (You bought it in a shop in the Dungeon)

   [ring of fire]

   It enhances your fire magic.
   Str:       It affects your strength (+3).
   rF:        It protects you from fire.
   rC:        It makes you vulnerable to cold.
   Stlth:     It makes you more stealthy.
 s - the amulet of Zeethyept (around neck) {Reflect -Cast rN+ Will+++ SH+5}
   (You bought it in a shop in the Dungeon)

   [amulet of reflection]

   It reflects blocked missile attacks.
   rN:        It protects you from negative energy.
   -Cast:     It prevents spellcasting.
   SH:        It affects your SH (+5).
   Will:      It greatly increases your willpower.
 t - the amulet "Gaelare" {Contam rF++ rN+++ Regen+ Int-2}
   (You bought it in a shop in the Dungeon)

   [amulet of regeneration]

   Int:       It affects your intelligence (-2).
   rF:        It greatly protects you from fire.
   rN:        It renders you almost immune to negative energy.
   Contam:    It causes magical contamination when unequipped.
   Regen:     It increases your rate of health regeneration.
 u - the amulet "Miomuh" {Reflect Harm Str-2 Dex+5 SH+5}
   (You bought it in a shop in the Dungeon)

   [amulet of reflection]

   It reflects blocked missile attacks.
   Str:       It affects your strength (-2).
   Dex:       It affects your dexterity (+5).
   SH:        It affects your SH (+5).
   Harm:      It increases damage dealt and taken.
 A - the ring "Wuoheng" {Wiz rC- Int+6}
   (You bought it in a shop in the Dungeon)

   [ring of wizardry]

   It improves your spell success rate.
   Int:       It affects your intelligence (+6).
   rC:        It makes you vulnerable to cold.
 B - the ring "Jeqah" {rPois rF+}
   (You bought it in a shop in the Dungeon)

   [ring of poison resistance]

   rF:        It protects you from fire.
   rPois:     It protects you from poison.
 C - the ring of Ubruydo (right hand) {rPois rCorr Int+2}
   (You bought it in a shop in the Dungeon)

   [ring of resist corrosion]

   Int:       It affects your intelligence (+2).
   rPois:     It protects you from poison.
   rCorr:     It protects you from acid and corrosion.
 D - the ring "Kiosuigg" {rN+ SInv}
   (You bought it in a shop in the Dungeon)

   [ring of see invisible]

   rN:        It protects you from negative energy.
   SInv:      It lets you see invisible.
 E - the ring of Vyerimn {Will+ EV+5 Str+2}
   (You bought it in a shop in the Dungeon)

   [ring of evasion]

   EV:        It affects your evasion (+5).
   Str:       It affects your strength (+2).
   Will:      It increases your willpower.
 F - the ring "Okoygoq" {Contam +Blink Str+6 Int-4 Stlth+}
   (You bought it in a shop in the Dungeon)

   [ring of strength]

   Str:       It affects your strength (+6).
   Int:       It affects your intelligence (-4).
   +Blink:    It lets you blink.
   Contam:    It causes magical contamination when unequipped.
   Stlth:     It makes you more stealthy.
Wands
 l - a wand of quicksilver (4)
Scrolls
 j - 3 scrolls of blinking
 n - 3 scrolls of fog
Potions
 d - a potion of might
 e - 5 potions of curing
 f - 7 potions of heal wounds
 g - 4 potions of haste
 h - 2 potions of magic
 i - a potion of berserk rage
 k - a potion of resistance
 m - a potion of ambrosia {unknown}


   Skills:
 + Level 10.0 Fighting
 * Level 13.3 Axes
 + Level 10.0 Armour
 + Level 8.3 Dodging
 + Level 10.0 Shields


You had 7 spell levels left.
You didn't know any spells.
Your spell library was empty.

Dungeon Overview and Level Annotations

Branches:
Dungeon (1/1)

Altars:
Cheibriados
Dithmenos
Fedhas
Gozag
Kikubaaqudgha
Makhleb
Okawaru
Qazlal
Ru
Sif Muna
Trog
Uskayaw
Vehumet
Wu Jian
Xom
Yredelemnul
Zin
The Shining One
Lugonu

Shops:
D *[??*?*:[((!!!!


Innate Abilities, Weirdness & Mutations

You have a pair of horns on your head.
You reflexively headbutt those who attack you in melee.


Message History

Something unexpectedly blocked you, preventing you from rampaging!
You slash something! Your headbutt misses something.
You slice one of the four-headed hydra's heads off!
The three-headed hydra grows two more!
You slash the five-headed hydra!
You hack one of the four-headed hydra's heads off!
The three-headed hydra grows two more!
You slash the five-headed hydra! Something hits you.
Something unexpectedly blocked you, preventing you from rampaging!
You completely miss something.
You chop one of the five-headed hydra's heads off!
The four-headed hydra grows two more!
You hit the six-headed hydra.
You hack one of the five-headed hydra's heads off!
The four-headed hydra grows two more!
You hit the six-headed hydra.
The six-headed hydra disappears in a puff of smoke!
The six-headed hydra bites you but does no damage.
The six-headed hydra closely misses you.
The six-headed hydra bites you.
You block the six-headed hydra's attack.
The six-headed hydra bites you.
You block the six-headed hydra's attack.
Something hits you but does no damage.
The eight-headed hydra completely misses you.
You furiously retaliate!
You headbutt the eight-headed hydra!
The eight-headed hydra barely misses you.
The eight-headed hydra bites you!
You block the eight-headed hydra's attack.
The eight-headed hydra bites you!
* * * LOW HITPOINT WARNING * * *
The eight-headed hydra bites you!
* * * LOW HITPOINT WARNING * * *
The eight-headed hydra misses you.
The eight-headed hydra completely misses you.
The six-headed hydra bites you but does no damage. x2
The six-headed hydra bites you.
* * * LOW HITPOINT WARNING * * *
The six-headed hydra bites you but does no damage.
The six-headed hydra completely misses you.
The six-headed hydra bites you!
You die...
Your body crumbles into a pile of gold.

##### ##⌠⌠⌠## #.....#
##.....## ##∩.)...∩##
#∩.......∩# #..D....._#
#_@{....._# #_§D....._#
###......)..###
#⌠.....§.....⌠#
######.8...○.....8.######
##.___....[.###........_∩##
###∩........8.# #.8........∩#
##......)......###............
#⌠..........###...###.........


You could see an eight-headed hydra (summoned) and a six-headed hydra
(summoned).

Vanquished Creatures
  A swamp dragon (D)
  Sigmund (D)
  A black bear (D)
  4 wolves (D)
  A phantom (D)
  2 necrophages (D)
  2 wights (D)
  3 hounds (D)
  An orc wizard (D)
  A gnoll (D)
  An adder (D)
  2 orcs (D)
  A kobold (D)
  A ball python skeleton (D)
  A frilled lizard (D)
23 creatures vanquished.

Notes
Turn   | Place    | Note
-------+----------+-------------------------------------------
     0 | D        | rocky1 the Minotaur Fighter began the quest for the Orb.
     0 | D        | Reached XP level 1. HP: 19/19 MP: 0/0
     4 | D        | Found a glowing silver altar of Zin.
     4 | D        | Found a blossoming altar of Fedhas.
     5 | D        | Found a hide-covered altar of Uskayaw.
     5 | D        | Round 1.
     6 | D        | Found an iron altar of Okawaru.
     6 | D        | Found a corrupted altar of Lugonu.
     7 | D        | Found Qiysotacs's Identification Station.
     7 | D        | Found a burning altar of Makhleb.
     7 | D        | Found a glowing golden altar of the Shining One.
     8 | D        | Found a basalt altar of Yredelemnul.
     9 | D        | Found Acezorex's Premium Goods.
    10 | D        | Found a sacrificial altar of Ru.
    10 | D        | Found a snail-covered altar of Cheibriados.
    10 | D        | Found a shimmering blue altar of Sif Muna.
    10 | D        | Found Huom's Weapon Rack.
    12 | D        | Found Vidaikab's Miscellaneous Merchandise.
    12 | D        | Found Wausma Veth's Basic Armour.
    15 | D        | Found an opulent altar of Gozag.
    16 | D        | Found an ancient bone altar of Kikubaaqudgha.
    17 | D        | Found a shimmering altar of Xom.
    18 | D        | Found Upuixuty's Do-It-Yourself Clinic.
    20 | D        | Found Zeggoq's Bottled Wisdom.
    20 | D        | Found Fuonuen's Distillery.
    24 | D        | Became a worshipper of Gozag Ym Sagoz the Greedy
    25 | D        | Found a radiant altar of Vehumet.
    25 | D        | Found Deereo's Distillery.
    29 | D        | Found an ornate altar of the Wu Jian Council.
    34 | D        | Found a stormy altar of Qazlal.
    35 | D        | Found a shadowy altar of Dithmenos.
    35 | D        | Found Cumext's Staff Store.
    37 | D        | Found a bloodstained altar of Trog.
    37 | D        | Found Niadecka's Magic Scroll Shop.
    39 | D        | Found Cecyl's Must-Have Magic.
    39 | D        | Found Zenig's Magic Scroll Shop.
    44 | D        | Reached skill level 3 in Axes
    59 | D        | Reached skill level 1 in Dodging
    59 | D        | Reached XP level 2. HP: 22/27 MP: 1/1
    64 | D        | Found Jottygoc's Jewellery.
    64 | D        | Found Qussuixuno's Advanced Armour.
    87 | D        | Noticed Sigmund
    94 | D        | Killed Sigmund
    95 | D        | Reached skill level 8 in Axes
    95 | D        | Reached XP level 3. HP: 34/38 MP: 2/2
    95 | D        | Reached XP level 4. HP: 41/45 MP: 3/3
    95 | D        | Reached XP level 5. HP: 46/51 MP: 4/4
   101 | D        | Arena points: 12 (+12) [x2]
   119 | D        | Bought an ancient bone ring for 45 gold pieces
   119 | D        | Identified the ring "Mumish" {Fly rN+ Stlth+} (You bought
                  | it in a shop in the Dungeon)
   119 | D        | Bought a flickering platinum amulet for 45 gold pieces
   119 | D        | Identified the amulet "Poywoe" {Faith rN+} (You bought it
                  | in a shop in the Dungeon)
   119 | D        | Bought a faintly glowing glass ring for 45 gold pieces
   119 | D        | Identified the ring "Doecoidi" {rC+ rN+ Will+ rCorr Stlth+}
                  | (You bought it in a shop in the Dungeon)
   119 | D        | Bought a fine bronze ring for 45 gold pieces
   119 | D        | Identified the ring "Padghazuo" {Fire Str+3 Stlth+} (You
                  | bought it in a shop in the Dungeon)
   119 | D        | Bought a heavily runed iron amulet for 45 gold pieces
   119 | D        | Identified the amulet of Zeethyept {Reflect -Cast rN+
                  | Will+++ SH+5} (You bought it in a shop in the Dungeon)
   119 | D        | Bought a fine iron amulet for 45 gold pieces
   119 | D        | Identified the amulet "Gaelare" {Contam rF++ rN+++ Regen+
                  | Int-2} (You bought it in a shop in the Dungeon)
   119 | D        | Bought a coiled brass amulet for 45 gold pieces
   119 | D        | Identified the amulet "Miomuh" {Reflect Harm Str-2 Dex+5
                  | SH+5} (You bought it in a shop in the Dungeon)
   160 | D        | Round 2.
   170 | D        | Noticed a black bear
   178 | D        | Reached skill level 5 in Dodging
   185 | D        | Killed a black bear
   186 | D        | Reached skill level 9 in Axes
   186 | D        | Reached XP level 6. HP: 46/60 MP: 5/5
   248 | D        | Arena points: 48 (+36) [x3]
   270 | D        | Bought 4 potions of curing for 84 gold pieces
   270 | D        | Bought 3 potions of heal wounds for 105 gold pieces
   304 | D        | Round 3.
   315 | D        | Reached skill level 10 in Axes
   411 | D        | Reached skill level 11 in Axes
   411 | D        | Reached XP level 7. HP: 62/69 MP: 6/6
   458 | D        | Arena points: 132 (+84) [x4]
   478 | D        | Bought a +0 broad axe for 120 gold pieces
   495 | D        | Round 4.
   497 | D        | Bought a scorched cloak for 332 gold pieces
   497 | D        | Identified the +1 cloak "Lesyk" {Rampage +Inv} (You bought
                  | it in a shop in the Dungeon)
   497 | D        | Bought a steaming hat for 315 gold pieces
   497 | D        | Identified the +1 hat of Sin {Harm Will+} (You bought it in
                  | a shop in the Dungeon)
   507 | D        | Reached skill level 12 in Axes
   622 | D        | Reached XP level 8. HP: 78/78 MP: 7/7
   623 | D        | Arena points: 272 (+140) [x5]
   640 | D        | Bought a pair of ichor-stained boots for 332 gold pieces
   640 | D        | Identified the -1 pair of boots of Queniwof {rPois Regen+
                  | Int-3} (You bought it in a shop in the Dungeon)
   653 | D        | Bought a warped turquoise ring for 45 gold pieces
   653 | D        | Identified the ring "Wuoheng" {Wiz rC- Int+6} (You bought
                  | it in a shop in the Dungeon)
   653 | D        | Bought a transparent steel ring for 45 gold pieces
   653 | D        | Identified the ring "Jeqah" {rPois rF+} (You bought it in a
                  | shop in the Dungeon)
   653 | D        | Bought a translucent ivory ring for 45 gold pieces
   653 | D        | Identified the ring of Ubruydo {rPois rCorr Int+2} (You
                  | bought it in a shop in the Dungeon)
   653 | D        | Bought a wavering steel ring for 45 gold pieces
   653 | D        | Identified the ring "Kiosuigg" {rN+ SInv} (You bought it in
                  | a shop in the Dungeon)
   653 | D        | Bought a steaming glass ring for 45 gold pieces
   653 | D        | Identified the ring of Vyerimn {Will+ EV+5 Str+2} (You
                  | bought it in a shop in the Dungeon)
   653 | D        | Bought a transparent marble ring for 45 gold pieces
   653 | D        | Identified the ring "Okoygoq" {Contam +Blink Str+6 Int-4
                  | Stlth+} (You bought it in a shop in the Dungeon)
   697 | D        | Round 5.
   705 | D        | Noticed a witch
   707 | D        | Noticed a swamp dragon
   723 | D        | Noticed a four-headed hydra
   724 | D        | Killed a swamp dragon
   725 | D        | Reached skill level 10 in Fighting
   725 | D        | Reached skill level 13 in Axes
   725 | D        | Reached skill level 10 in Armour
   725 | D        | Reached skill level 10 in Shields
   725 | D        | Noticed an eight-headed hydra
   726 | D        | Noticed a four-headed hydra
   728 | D        | Mangled by a six-headed hydra

Illustrated notes

Levels and vault maps discovered:
D:        arena_sprint

Skill      XL: |  1  2  3  4  5  6  7  8 |
---------------+-------------------------+-----
Axes           | 3 8 9 11 12 13 | 13.3
Fighting       | 4 6 7 8 9 10 | 10.0
Armour         | 4 6 7 8 9 10 | 10.0
Dodging        | 1 4 5 6 7 8 |  8.3
Shields        | 4 6 7 8 9 10 | 10.0

Action                     |  1- 3 |  4- 6 |  7- 9 || total
---------------------------+-------+-------+-------++-------
  Melee: War axe           |     8 |    33 |     9 ||    50
         Headbutt          |     1 |     5 |     9 ||    15
         Broad axe         |       |       |    35 ||    35
  Evoke: Wand              |     6 |       |       ||     6
    Use: Scroll            |       |       |     1 ||     1
   Stab: Distracted        |       |     1 |       ||     1
 Armour: Scale mail        |     3 |    13 |    22 ||    38
  Dodge: Dodged            |     1 |    12 |    31 ||    44
  Block: Buckler           |     5 |    15 |    23 ||    43
         Reflection        |       |     1 |       ||     1

Table legend: (Time is in decaauts)
 A = Elapsed time spent in this place.
 B = Non-inter-level travel time spent in this place.
 C = Inter-level travel time spent in this place.
 D = Time resting spent in this place.
 E = Time spent auto-exploring this place.
 F = Levels seen in this place.
 G = Mean time per level.
                   A        B        C        D        E       F      G
               +--------+--------+--------+--------+--------+-----+--------+
         Total |    730 |    730 |      0 |    238 |      0 |   1 |  730.0 |
       Dungeon |    730 |    730 |      0 |    238 |      0 |   1 |  730.0 |
               +--------+--------+--------+--------+--------+-----+--------+

Top non-repeatable levels by time:
       D: 730 daAuts
